Unix NetHack Version 5.0.0-0 post-release - last build Jun 10 2026 00:39:30 (3ee93aec679c4c4259841fe613dc97188e26a321,branch:main).

Game began 2026-06-27 22:34:15, ended 2026-06-28 00:02:52.

Felix1, neutral male human Archeologist

 --------
 |..@...|         ---------
 |......|         |.......-######
 |.@....|         |.......|     #   ###        #
 --f-----         |.......|    #######    -----|--
   (              ---.--.--          ##   |..[...|
   ##                #                ####|.......#########
    #                #                   #-.>....|        #
    #                #                    |......|        #    -------
  --.--              #                    |....).|        #####|<....|
  |...|             ##                    |......|            #|.....|
  |...|             #                     --------            #|.....|
  |...-##   --------.------                                   #......|
  |...| ####|..............                                    |.....|
  |...|    #-.............|                                    |.....|
  -----     |.............|                                    -------
            |..........>..|
            ---------------

Felix1 the Field Worker    St:12 Dx:11 Co:14 In:17 Wi:17 Ch:8  Neutral
Dlvl:3  $:0  HP:18(18) Pw:16(16) AC:9  Xp:3 T:1250 

Latest messages:
 You see here a brown potion (for sale, 36 zorkmids).
 "For you, most gracious sir; only 36 zorkmids for this brown potion."
 n - a brown potion (unpaid, 36 zorkmids).
 You see here a clear potion (for sale, 9 zorkmids).
 "For you, honored sir; only 9 zorkmids for this clear potion."
 o - a clear potion (unpaid, 9 zorkmids).
 You see here a dark potion (for sale, 333 zorkmids).
 "For you, most gracious sir; only 333 zorkmids for this dark potion."
 p - a dark potion (unpaid, 333 zorkmids).
 You see here a black potion (for sale, 267 zorkmids).
 "For you, good sir; only 267 zorkmids for this black potion."
 q - a black potion (unpaid, 267 zorkmids).
 You see here a swirly potion (for sale, 133 zorkmids).
 "For you, esteemed sir; only 133 zorkmids for this swirly potion."
 r - a swirly potion (unpaid, 133 zorkmids).
 You see here a brown potion (for sale, 27 zorkmids).
 "For you, honored sir; only 27 zorkmids for this brown potion."
 s - a brown potion (unpaid, 27 zorkmids).
 You see here a bubbly potion (for sale, 267 zorkmids).
 "For you, honored sir; only 267 zorkmids for this bubbly potion."
 t - a bubbly potion (unpaid, 267 zorkmids).
 You see here a golden potion (for sale, 89 zorkmids).
 "For you, esteemed sir; only 89 zorkmids for this golden potion."
 u - a golden potion (unpaid, 89 zorkmids).
 You see here a bubbly potion (for sale, 200 zorkmids).
 "For you, good sir; only 200 zorkmids for this bubbly potion."
 v - a bubbly potion (unpaid, 200 zorkmids).
 You see here a puce potion (for sale, 200 zorkmids).
 "For you, good sir; only 200 zorkmids for this puce potion."
 w - a puce potion (unpaid, 200 zorkmids).
 You see here a brown potion (for sale, 27 zorkmids).
 "For you, good sir; only 27 zorkmids for this brown potion."
 s - a brown potion (unpaid, 27 zorkmids) (2 in total).
 You see here a pink potion (for sale, 89 zorkmids).
 "For you, good sir; only 89 zorkmids for this pink potion."
 x - a pink potion (unpaid, 89 zorkmids).
 You bought a dark potion for 333 gold pieces.
 You bought a black potion for 267 gold pieces.
 You bought a bubbly potion for 267 gold pieces.
 You don't have gold enough to pay for a bubbly potion.
 You don't have gold enough to pay for a puce potion.
 What do you want to ready? [$ or ?*] <esc>
 Never mind.
 Really quit without saving? [yn] (n) y
 Burglen comes and takes all your possessions.
 Do you want to see what you had when you quit? [ynq] (y) y
 Do you want to see your attributes? [ynq] (y) y
 Do you want an account of creatures vanquished? [ynaq] (y) y
 Do you want to see your conduct and achievements? [ynq] (y) y
 Do you want to see the dungeon overview? [ynq] (y) y

Inventory:
 Weapons  (')')
  a - a cursed +2 bullwhip (weapon in right hand)
 Armor    ('[')
  c - a cursed +0 fedora (being worn)
  b - an uncursed +0 leather jacket (being worn)
 Comestibles  ('%')
  m - an uncursed cram ration
  d - 4 uncursed food rations
  l - 3 uncursed melons
  k - an uncursed tripe ration
 Scrolls  ('?')
  j - 2 uncursed scrolls of identify
 Potions  ('!')
  x - an uncursed potion of booze
  w - an uncursed potion of gain energy
  r - an uncursed potion of hallucination
  n - a blessed potion of healing
  s - 2 uncursed potions of healing
  t - an uncursed potion of invisibility
  v - an uncursed potion of invisibility
  q - an uncursed potion of levitation
  p - an uncursed potion of oil
  u - an uncursed potion of see invisible
  o - an uncursed potion of water
 Tools    ('(')
  h - an empty uncursed sack
  i - a magic marker (0:22)
  f - a tinning kit (0:42)
 Gems/Stones  ('*')
  g - a cursed touchstone

Felix1 the Archeologist's attributes:

Background:
 You were a Field Worker, a level 3 male human Archeologist.
 You were neutral, nominally on a mission for Camaxtli
 who was opposed by Quetzalcoatl (lawful) and Huhetotl (chaotic).
 You were right-handed.
 You were in the Dungeons of Doom, on level 3.
 You entered the dungeon 1250 turns ago.
 It was the midnight hour.
 You had 48 experience points, 32 more were needed to attain level 4.

Basics:
 You had all 18 hit points.
 You had all 16 energy points (spell power).
 Your armor class was 9.
 Your wallet was empty.
 Autopickup was off.

Final Characteristics:
 Your strength was 12 (limit:18/100).
 Your dexterity was 11 (limit:18).
 Your constitution was 14 (limit:18).
 Your intelligence was 17 (limit:18).
 Your wisdom was 17 (limit:18).
 Your charisma was 8 (limit:18).

Final Status:
 You weren't hungry.
 You were unencumbered.
 You were wielding a whip.
 You had basic skill with whip.

Final Attributes:
 You were fervently aligned.
 You had automatic searching.
 You were lucky.
 You survived.

Miscellaneous:
 You didn't encounter any bones levels.
 Total elapsed playing time was 16 minutes and 29 seconds.

Major events:
 Turn
    1: Felix1 the neutral male human Archeologist entered the dungeon
  714: attained the rank of Field Worker (level 3)
 1250: quit

You didn't know any spells.

Skills:
 Fighting Skills
   bare handed combat [Unskilled]
   two weapon combat  [Unskilled]
   riding             [Unskilled]
 Weapon Skills
   dagger             [Unskilled]
   knife              [Unskilled]
   pick-axe           [Basic]
   short sword        [Unskilled]
   saber              [Unskilled]
   club               [Unskilled]
   quarterstaff       [Unskilled]
   sling              [Unskilled]
   dart               [Unskilled]
   boomerang          [Unskilled]
   whip               [Basic]
   unicorn horn       [Unskilled]
 Spellcasting Skills
   attack spells      [Unskilled]
   healing spells     [Unskilled]
   divination spells  [Unskilled]
   matter spells      [Unskilled]

Voluntary challenges:
 Character rerolling was not enabled.
 You were an atheist.
 You never genocided any monsters.
 You never polymorphed an object.
 You never changed form.
 You used no wishes.
Achievements:
 You attained the rank of Field Worker.
 You entered a shop.

 The Dungeons of Doom: levels 1 to 3
    Level 1:
    Level 2:
    Level 3: <- You were here.
       A potion shop.


Vanquished creatures:
  a shrieker
  a gnome zombie
  2 geckos
  5 jackals
  a fox
  a kobold
  a goblin
  2 grid bugs
  5 lichens
  5 newts
24 creatures vanquished.

No species were genocided or became extinct.

Goodbye Felix1 the Archeologist...

You quit in The Dungeons of Doom on dungeon level 3 with 292 points,
and 0 pieces of gold, after 1250 moves.
You were level 3 with a maximum of 18 hit points when you quit.

